 Dungeon Crawl Stone Soup version 0.30-a0-1018-g25214051b3 (webtiles) character file.

Game seed: 11332388491922905623

130 gelatine the Gusty (level 4, 0/30 HPs)
             Began as a Demonspawn Air Elementalist on Apr 7, 2023.
             Killed from afar by Natasha (7 damage)
             ... with a magic dart
             ... on level 3 of the Dungeon.
             The game lasted 00:06:39 (2619 turns).

gelatine the Gusty (Demonspawn Air Elementalist)    Turns: 2619, Time: 00:06:39

Health: 0/30       AC:  0    Str:  8    XL:     4   Next: 89%
Magic:  8/8        EV: 19    Int: 18    God:
Gold:   91         SH:  0    Dex: 19    Spells: 5/8 levels left

rFire   . . .      SeeInvis .    m - melded +0 triple crossbow
rCold   . . .      Faith    .    (shield currently unavailable)
rNeg    . . .      Spirit   .    a - melded +0 robe
rPois   .          Reflect  .    (helmet currently unavailable)
rElec   .          Rampage  .    (cloak currently unavailable)
rCorr   .                        (gloves currently unavailable)
Will    .....                    (boots currently unavailable)
Stlth   ++                       (no amulet)
HPRegen 0.25/turn                (ring currently unavailable)
MPRegen 0.11/turn                (ring currently unavailable)

@: bat-form, flying, slowed, quick
A: fast, flying, no casting, tiny, (icy blue scales 2), foul stench 1
a: no special abilities


You were on level 3 of the Dungeon.
You were a bat.
You visited 1 branch of the dungeon, and saw 3 of its levels.

You collected 91 gold pieces.

Inventory:

Hand Weapons
 d - a +0 whip
 m - a +0 triple crossbow (melded)
Armour
 a - a +0 robe (melded)
Scrolls
 f - 2 scrolls of identify {unknown}
 g - 2 scrolls of fear {unknown}
 h - a scroll of acquirement {unknown}
 j - 2 scrolls of vulnerability {unknown}
 l - a scroll of fog {unknown}
 o - a scroll of silence {unknown}
 q - 3 scrolls of enchant armour {unknown}
 r - a scroll of teleportation {unknown}
Potions
 b - a potion of magic
 c - a potion of flight {unknown}
 e - 4 potions of curing
 i - 3 potions of haste {unknown}
 k - a potion of heal wounds
 n - 2 potions of mutation {unknown}
 p - a potion of ambrosia {unknown}


   Skills:
 + Level 1.9 Ranged Weapons
 + Level 2.1 Dodging
 + Level 1.8 Stealth
 + Level 2.7 Spellcasting
 + Level 2.2 Conjurations
 + Level 3.4 Air Magic


You had 5 spell levels left.
You knew the following spells:

 Your Spells              Type           Power      Damage    Failure   Level
a - Shock                 Conj/Air       48%        1d6       5%          1
b - Static Discharge      Conj/Air       24%        2-3/arc   8%          2

Your spell library contained the following spells:

 Spells                   Type           Power      Damage    Failure   Level
 Swiftness                Air            14%        N/A       12%         3
 Summon Small Mammal      Summ           8%         N/A       17%         1
 Lesser Beckoning         Tloc           4%         N/A       26%         2
 Airstrike                Air            7%         2d(1-17)  38%         4
 Call Canine Familiar     Summ           2%         N/A       45%         3
 Gell's Gravitas          Tloc           2%         N/A       45%         3
 Summon Guardian Golem    Hex/Summ       2%         N/A       45%         3
 Teleport Other           Tloc           2%         N/A       45%         3
 Tukima's Dance           Hex            2%         N/A       45%         3
 Animate Dead             Necr           2%         N/A       86%         4
 Passage of Golubria      Tloc           2%         N/A       86%         4
 Fireball                 Conj/Fire      3%         3d4       96%         5
 Yara's Violent Unravell  Hex/Tmut       1%         3d3       99%         5
 Simulacrum               Ice/Necr       1%         N/A       100%        6
 Haunt                    Necr/Summ      1%         N/A       100%        7
 Borgnjor's Revivificati  Necr           1%         N/A       100%        8
 Infestation              Necr           1%         N/A       100%        8


Dungeon Overview and Level Annotations

Branches:
Dungeon (3/15)

Altars:

Annotations:
D:3 Natasha


Innate Abilities, Weirdness & Mutations

You are a bat.
You are tiny and dextrous.
You move quickly.
You are flying.
Your equipment is almost entirely melded.
You are incapable of wielding weapons or throwing items.
You cannot cast spells.
((You are mostly covered in icy blue scales. (AC +3)))
You may rarely emit foul miasma when damaged in melee.


Message History

The cerulean imp hits you from afar with a +0 spear.
You shoot a bolt.
The bolt closely misses the cerulean imp.
The cerulean imp barely misses you.
You hear some strange, mumbled words.
The cerulean imp completely misses you. The cerulean imp closely misses you.
Something claws you.
The cerulean imp hits you but does no damage.
The cerulean imp closely misses you. Something claws you!
* * * LOW HITPOINT WARNING * * *
The cerulean imp hits you but does no damage.
The cerulean imp barely misses you.
You shoot a bolt. The bolt hits the cerulean imp!!
You kill the cerulean imp!
The cerulean imp disappears in a puff of smoke!
You hear some strange, mumbled words.
The cerulean imp hits you from afar with a +0 spear.
* * * LOW HITPOINT WARNING * * *
The cerulean imp hits you from afar with a +0 spear.
* * * LOW HITPOINT WARNING * * *
Something claws you but does no damage.
The cerulean imp hits you but does no damage.
The cerulean imp barely misses you.
You hear a zap.
Something tries to affect you, but you resist.
The cerulean imp hits you but does no damage. x2
Something claws you.
* * * LOW HITPOINT WARNING * * *
It was a potion of curing.
You feel better. The cerulean imp closely misses you. x2
You hear a zap.
You turn into a bat.
Your +0 triple crossbow melds into your body.
Your +0 robe melds into your body.
The cerulean imp hits you from afar with a +0 spear.
* * * LOW HITPOINT WARNING * * *
The cerulean imp misses you.
A magic dart appears from out of thin air!
The magic dart hits you!
You die...

#..######.#.#.....#.##.....
#.............#.........###
#..#####........#.#.##.## #
#..########.#.#.....##.# #
#...............#.####.#
#..#######........# #.#
##..#### ####.#.#.# #.# #
#......#######.....####.# #
######......55{.b....#.......#
#
...........##5#####..#########
# ######.........# #..# .....
#.........# #..# ####.
#.#....##.####..# #
##...............
##......>..###.#.# #
#.........#.#.###.
#............#


You could see 3 cerulean imps.

Vanquished Creatures
  Natasha (twice) (D:3)
  3 adders (D:2)
  2 worms (D:2)
  2 dart slugs (D:1)
  A bat (D:1)
  7 endoplasms
  A giant cockroach (D:2)
  2 goblins
  7 hobgoblins
  2 jackals (D:1)
  2 kobolds
  2 quokkas
  4 ball pythons
  3 rats
40 creatures vanquished.

Vanquished Creatures (others)
  4 demonic plants (D:1)
4 creatures vanquished.

Grand Total: 44 creatures vanquished

Notes
Turn   | Place    | Note
-------+----------+-------------------------------------------
     0 | D:1      | gelatine the Demonspawn Air Elementalist began the quest
                  | for the Orb.
     0 | D:1      | Reached XP level 1. HP: 13/13 MP: 3/3
   222 | D:1      | Reached skill level 3 in Air Magic
   226 | D:1      | Gained mutation: You may rarely emit foul miasma when
                  | damaged in melee. [demonic ancestry]
   226 | D:1      | Reached XP level 2. HP: 19/19 MP: 0/5
   543 | D:1      | Got the Volume of the Shadowy Dragon
   896 | D:1      | Found a faded altar of an unknown god.
  1639 | D:2      | Gained mutation: You are partially covered in icy blue
                  | scales. (AC +2) [demonic ancestry]
  1639 | D:2      | Reached XP level 3. HP: 23/24 MP: 4/6
  1852 | D:2      | Learned a level 2 spell: Static Discharge
  2021 | D:2      | Reached skill level 1 in Ranged Weapons
  2346 | D:2      | Gained mutation: You are mostly covered in icy blue scales.
                  | (AC +3) [demonic ancestry]
  2346 | D:2      | Reached XP level 4. HP: 30/30 MP: 8/8
  2482 | D:3      | Noticed Natasha
  2483 | D:3      | Killed Natasha
  2495 | D:3      | Noticed Natasha
  2499 | D:3      | Killed Natasha
  2590 | D:3      | Noticed Natasha
  2619 | D:3      | Killed from afar by Natasha

Illustrated notes

Levels and vault maps discovered:
D:1:      ncdulo_halloftheorcs, layout_loops_corners,
          shapermc_ecumenical_altar_gd
D:2:      layout_basic, minmay_vboxes
D:3:      layout_loops_ring, hangedman_decor_points, uniq_jessica, uniq_natasha

Skill      XL: |  1  2  3  4 |
---------------+-------------+-----
Air Magic      | 3 |  3.4
Ranged Weapons | 1 |  1.9
Dodging        | 2 |  2.1
Conjurations   | 2 |  2.2
Stealth        | |  1.8
Spellcasting   | |  2.7

Action                     |  1- 3 |  4- 6 || total
---------------------------+-------+-------++-------
  Melee: Whip              |    21 |       ||    21
         Unarmed           |     1 |       ||     1
   Fire: Triple crossbow   |    28 |    15 ||    43
   Cast: Shock             |    53 |       ||    53
         Static Discharge  |     4 |     1 ||     5
    Use: Potion            |       |     1 ||     1
 Armour: Robe              |     6 |     7 ||    13
  Dodge: Dodged            |    25 |    16 ||    41

Table legend: (Time is in decaauts)
 A = Elapsed time spent in this place.
 B = Non-inter-level travel time spent in this place.
 C = Inter-level travel time spent in this place.
 D = Time resting spent in this place.
 E = Time spent auto-exploring this place.
 F = Levels seen in this place.
 G = Mean time per level.
                   A        B        C        D        E       F      G
               +--------+--------+--------+--------+--------+-----+--------+
         Total |   2689 |   2563 |    126 |      0 |   2150 |   3 |  896.3 |
       Dungeon |   2689 |   2563 |    126 |      0 |   2150 |   3 |  896.3 |
               +--------+--------+--------+--------+--------+-----+--------+

Top non-repeatable levels by time:
     D:1: 1557 daAuts
     D:2: 904 daAuts
     D:3: 227 daAuts
